 Dungeon Crawl Stone Soup version 0.22-a0-608-g8a62e23 (webtiles) character file.

67 yoda5477 the Chiller (level 4, -4/25 HPs)
             Began as a Gargoyle Ice Elementalist on July 9, 2018.
             Engulfed by a cloud of flame (29 damage)
             ... on level 2 of the Dungeon.
             The game lasted 00:12:48 (2142 turns).

yoda5477 the Chiller (Gargoyle Ice Elementalist)    Turns: 2142, Time: 00:12:50

Health: -4/25      AC:  5    Str: 12    XL:     4   Next: 18%
Magic:  7/7        EV: 12    Int: 16    God:
Gold:   102        SH:  0    Dex: 10    Spells: 1/7 levels left

rFire    . . .     SeeInvis .   b - +0 dagger (drain)
rCold    . . .     Gourm    .   (no shield)
rNeg     + . .     Faith    .   a - +0 robe
rPois    ∞         Spirit   .   (no helmet)
rElec    +         Reflect  .   (no cloak)
rCorr    .         Harm     .   (no gloves)
MR       .....                  (no boots)
Stlth    ++........             (no amulet)
HPRegen  0.08/turn              (no ring)
MPRegen  0.10/turn              (no ring)

@: no status effects
A: negative energy resistance 1, electricity resistance, unbreathing,
petrification resistance, rot immunity, AC +3
a: no special abilities


You were on level 2 of the Dungeon.
You were not hungry.

You visited 1 branch of the dungeon, and saw 2 of its levels.

You collected 102 gold pieces.

Inventory:

Hand Weapons
 b - a +0 dagger of draining (weapon)
 d - a +0 short sword
 m - a +2 whip of holy wrath
Missiles
 h - 60 stones (quivered)
Armour
 a - a +0 robe (worn)
Scrolls
 f - 2 scrolls of teleportation {unknown}
 i - a scroll of remove curse {unknown}
 j - 2 scrolls of noise {unknown}
 k - a scroll of fog {unknown}
Potions
 e - 3 potions of curing {unknown}
 l - a potion of might
Comestibles
 c - 5 rations


   Skills:
 * Level 1.1 Fighting
 - Level 0.2 Short Blades
 + Level 1.9 Dodging
 + Level 2.6 Stealth
 + Level 2.3 Spellcasting
 * Level 1.3 Conjurations
 * Level 0.2 Charms
 * Level 3.8 Ice Magic


You had one spell level left.
You knew the following spells:

 Your Spells              Type           Power        Failure   Level  Hunger
a - Freeze                Ice            ##..         4%          1    #......
b - Ozocubu's Armour      Chrm/Ice       #.......     26%         3    ###....
c - Throw Frost           Conj/Ice       ##....       11%         2    ###....

Your spell library contained the following spells:

 Spells                   Type           Power        Failure   Level  Hunger
 Summon Ice Beast         Ice/Summ       #.......     65%         4    #####..
 Throw Icicle             Conj/Ice       ##......     56%         4    #####..


Dungeon Overview and Level Annotations

Branches:
Dungeon (2/15)

Altars:
Vehumet

Annotations:
D:2 Sigmund


Innate Abilities, Weirdness & Mutations

You are resistant to torment.
Your stone body is resilient. (AC +3)
You are immune to poison.
You resist negative energy. (rN+)
You are resistant to electric shocks. (rElec)
You can survive without breathing.
You are immune to petrification.
You are immune to rotting.


Message History

There is a stone staircase leading down here.
You climb downwards.
Level annotation: Sigmund
There is a stone staircase leading up here.
There is a stone staircase leading up here.
There is a stone staircase leading up here.
You climb upwards.
There is a stone staircase leading down here.
There is an open door here.
You open the door.
There is an open door here.
There is a stone staircase leading down here.
You climb downwards.
Level annotation: Sigmund
There is a stone staircase leading up here.
Found a radiant altar of Vehumet.
Really walk into a travel-excluded area?
You are engulfed in blazing flames.
Ouch! That really hurt!
You die...

### ..# ##### #.# #...#
#.# #...#
########.#########...###
........................
###.§.@§.####.......###
#§§_.§.# #.......#
#...§.## #.......#
#...§.# #.......###
##....# #.......'..
####+# #####...### #...#
#...# #...#


There were no monsters in sight!

Vanquished Creatures
  A gnoll (D:1)
  An adder (D:2)
  An ooze (D:1)
  A dart slug (D:1)
  3 giant cockroaches
  3 goblins
  3 hobgoblins
  4 jackals (D:1)
  A quokka (D:2)
  8 bats
  A frilled lizard (D:2)
  11 kobolds (D:1)
  5 rats
43 creatures vanquished.

Notes
Turn   | Place    | Note
-------+----------+-------------------------------------------
     0 | D:1      | yoda5477 the Gargoyle Ice Elementalist began the quest for the Orb.
     0 | D:1      | Reached XP level 1. HP: 10/10 MP: 3/3
   121 | D:1      | Reached XP level 2. HP: 15/15 MP: 3/5
   396 | D:1      | Reached XP level 3. HP: 20/20 MP: 0/6
   530 | D:1      | Reached skill level 1 in Fighting
   740 | D:1      | Learned a level 3 spell: Ozocubu's Armour
   811 | D:1      | Learned a level 2 spell: Throw Frost
  1322 | D:2      | Reached XP level 4. HP: 25/25 MP: 4/7
  1675 | D:2      | Noticed Sigmund
  2132 | D:2      | Found a radiant altar of Vehumet.
  2142 | D:2      | Engulfed by a cloud of flame

Vault maps used:
D:1:      mushboom_english_gardens
D:2:      minmay_wonky_spiral, fiery_altar_vehumet, lemuel_round_altar,
          first_ration, uniq_sigmund

Skill      XL: |  1  2  3 |
---------------+----------+-----
Fighting       | 1 |  1.1
Short Blades   | |  0.2
Dodging        | |  1.9
Stealth        | |  2.6
Spellcasting   | |  2.3
Conjurations   | |  1.3
Charms         | |  0.2
Ice Magic      | |  3.8

Action                   |  1- 3 |  4- 6 || total
-------------------------+-------+-------++-------
Melee: Dagger            |    67 |    14 ||    81
Throw: Stone             |     7 |       ||     7
 Cast: Freeze            |    29 |     1 ||    30
 Stab: Sleeping          |     7 |       ||     7
  Eat: Chunk             |     2 |     1 ||     3
       Ration            |       |     1 ||     1
Armor: Robe              |    28 |     4 ||    32
Dodge: Dodged            |    57 |    18 ||    75

Table legend:
 A = Spawn XP
 B = Non-spawn XP
 C = Spawn XP percentage of total XP
 D = Spawn monster count
 E = Non-spawn monster count
 F = Spawn count percentage of total count
 G = Total turns spent on level
                    A         B        C        D         E        F      G
               +---------+---------+-------+---------+---------+-------+---------
         Total |       0 |      97 |   0.0 |       0 |      43 |   0.0 |  2142
               +---------+---------+-------+---------+---------+-------+---------
           D:1 |       0 |      70 |   0.0 |       0 |      33 |   0.0 |  1425
           D:2 |       0 |      27 |   0.0 |       0 |      10 |   0.0 |   717
               +---------+---------+-------+---------+---------+-------+---------
